 Dungeon Crawl Stone Soup version 0.24-b1-44-g37ad8b309f (webtiles) character file.

Game seed: 11094227117195159748, levelgen mode: deterministic

18 Fistmachine the Stinger (level 2, -2/11 HPs)
             Began as a Felid Venom Mage on Oct 24, 2019.
             Slain by an adder (3 damage)
             ... on level 2 of the Dungeon.
             The game lasted 00:08:23 (1371 turns).

Fistmachine the Stinger (Felid Venom Mage)          Turns: 1371, Time: 00:08:23

Health: -2/11      AC:  1    Str:  4    XL:     2   Next: 51%
Magic:  5/6        EV: 18    Int: 16    God:
Gold:   57         SH:  0    Dex: 16    Spells: 2/5 levels left
                                        Lives:  0   Deaths: 0

rFire    . . .     SeeInvis +   (weapon unavailable)
rCold    . . .     Gourm    .   (shield unavailable)
rNeg     . . .     Faith    .   (armour unavailable)
rPois    .         Spirit   .   (helmet unavailable)
rElec    .         Reflect  .   (cloak unavailable)
rCorr    .         Harm     .   (gloves unavailable)
MR       .....                  (boots unavailable)
Stlth    +++.......             (no amulet)
HPRegen  0.03/turn              (no ring)
MPRegen  0.10/turn              (no ring)

@: lethally poisoned (-2 -> -12), very slightly contaminated, quick
A: very small, no armour, no weapons or thrown items, stealth, claws 1, fangs 3,
see invisible, carnivore, speed 1, shaggy fur 1, slow metabolism 1, sharp paws
a: no special abilities


You were on level 2 of the Dungeon.
You were hungry.

You visited 1 branch of the dungeon, and saw 2 of its levels.

You collected 57 gold pieces.

Inventory:

Scrolls
 a - a scroll of remove curse {unknown}
 c - a scroll of identify {unknown}
 g - a scroll of enchant armour {unknown}
Potions
 d - 3 potions of heal wounds {unknown}
 e - a potion of haste {unknown}
 f - a potion of degeneration {unknown}
Comestibles
 b - 5 rations


   Skills:
 + Level 2.8 Dodging
 + Level 2.8 Stealth
 + Level 2.0 Spellcasting
 - Level 0.8 Conjurations
 * Level 3.3 Poison Magic


You had 2 spell levels left.
You knew the following spells:

 Your Spells              Type           Power        Failure   Level  Hunger
a - Sting                 Conj/Pois      #...         9%          1    #......
b - Poisonous Vapours     Pois/Air       #.....       16%         2    ###....

Your spell library contained the following spells:

 Spells                   Type           Power        Failure   Level  Hunger
 Mephitic Cloud           Conj/Pois/Air  #.......     34%         3    ###....
 Olgreb's Toxic Radiance  Pois           ##......     45%         4    #####..
 Venom Bolt               Conj/Pois      #.........   94%         5    ######.


Dungeon Overview and Level Annotations

Branches:
Dungeon (2/15)

Altars:


Innate Abilities, Weirdness & Mutations

You cannot wear armour.
You are incapable of wielding weapons or throwing items.
Your paws allow you to move quietly. (Stealth)
You have sharp claws.
You have razor-sharp teeth.
You have supernaturally acute eyesight. (SInv)
You are carnivorous and can eat meat at any time.
You cover ground quickly.
You are covered in fur. (AC +1)
You have a slow metabolism.
Your sharp claws are effective at attacking unaware monsters.


Message History

Confirm with . or Enter, or press ? or * to list all spells.
Aiming: Sting (safe; 9% risk of failure)
Press: ? - help, Shift-Dir - straight line, f - adder
Aim: an adder (hasn't noticed you)
You miscast Sting.
You are very lightly contaminated with residual magic.
Strange energies run through your body.
The adder hisses angrily.
The adder closely misses you.
You miss the adder. Your bite misses the adder. The adder bites you.
You are poisoned.
The adder poisons you!
You scratch the adder.
The adder is lightly wounded.
You feel sick. The adder closely misses you. The adder bites you.
* * * LOW HITPOINT WARNING * * *
You miss the adder.
The adder is lightly wounded.
The adder bites you.
You die...

#. #. #. #S #. #.
###.### ## #...S@#
... ###.###.##.# ...
#....######
#.###.##.##..(##
#.....##.#....<##
#.####.####........#
....................#
##.##...............#
#.##..#####.#.....##


You could see an adder.

Vanquished Creatures
  A worm (D:1)
  2 bats (D:2)
  2 goblins (D:1)
  3 hobgoblins
  A frilled lizard (D:2)
  3 kobolds
  5 rats (D:1)
17 creatures vanquished.

Notes
Turn   | Place    | Note
-------+----------+-------------------------------------------
     0 | D:1      | Fistmachine the Felid Venom Mage began the quest for the
                  | Orb.
     0 | D:1      | Reached XP level 1. HP: 7/7 MP: 4/4
   231 | D:1      | Reached skill level 3 in Poison Magic
   274 | D:1      | Reached XP level 2. HP: 11/11 MP: 1/6
   326 | D:1      | Learned a level 2 spell: Poisonous Vapours
  1371 | D:2      | Slain by an adder

Skill      XL: |  1 |
---------------+----+-----
Poison Magic   | 3 |  3.3
Dodging        | |  2.8
Stealth        | |  2.8
Spellcasting   | |  2.0
Conjurations   | |  0.8

Action                   || total
-------------------------++-------
Melee: Unarmed           ||     4
 Cast: Sting             ||    23
       Poisonous Vapours ||     8
Armor: Skin              ||     1
Dodge: Dodged            ||     6
